 Dungeon Crawl Stone Soup version 0.29.1-15-g9cfb28693d (webtiles) character file.

Game seed: 4136484082988569201

56 Heoruswealwe the Digger (level 3, -1/19 HPs)
             Began as a Deep Elf Earth Elementalist on Mar 20, 2023.
             Slain by a gnoll
             ... wielding a +0 spear
              (4 damage)
             ... on level 2 of the Dungeon.
             The game lasted 00:11:10 (1240 turns).

Heoruswealwe the Digger (DEEE)                      Turns: 1240, Time: 00:11:12

Health: -1/19      AC:  2    Str:  5    XL:     3   Next: 71%
Magic:  5/10       EV: 12    Int: 21    God:
Gold:   46         SH:  0    Dex: 15    Spells: 6/9 levels left

rFire   . . .      SeeInvis .   g - +0 short sword
rCold   . . .      Faith    .   (no shield)
rNeg    . . .      Spirit   .   a - +0 robe
rPois   .          Reflect  .   (no helmet)
rElec   .          Harm     .   (no cloak)
rCorr   .          Rampage  .   (no gloves)
Will    .....                   (no boots)
Stlth   ++........              (no amulet)
HPRegen 0.06/turn               (no ring)
MPRegen 0.12/turn               (no ring)

@: no status effects
A: no striking features
a: no special abilities


You were on level 2 of the Dungeon.
You visited 1 branch of the dungeon, and saw 2 of its levels.

You collected 46 gold pieces.

Inventory:

Hand Weapons
 g - a +0 short sword (weapon)
Armour
 a - a +0 robe (worn)
 c - a +0 robe
 h - a +0 robe
Scrolls
 f - a scroll of identify {unknown}
 i - a scroll of vulnerability {unknown}
 l - a scroll of noise {unknown}
Potions
 b - 2 potions of magic
 d - a potion of heal wounds {unknown}
 e - a potion of cancellation
 j - a potion of curing
 k - a potion of mutation {unknown}


   Skills:
 - Level 2.4 Dodging
 - Level 2.4 Stealth
 + Level 3.6 Spellcasting
 + Level 1.4 Conjurations
 + Level 2.0 Transmutations
 + Level 3.7 Earth Magic
 + Level 1.4 Evocations


You had 6 spell levels left.
You knew the following spells:

 Your Spells              Type           Power      Damage    Failure   Level
a - Sandblast             Erth           38%        2d10      2%          1
b - Passwall              Tmut/Erth      13%        N/A       6%          2

Your spell library contained the following spells:

 Spells                   Type           Power      Damage    Failure   Level
 Stone Arrow              Conj/Erth      28%        3d8       13%         3
 Petrify                  Tmut/Erth      16%        N/A       36%         4


Dungeon Overview and Level Annotations

Branches:
Dungeon (2/15)

Altars:
Xom


Message History

A gnoll comes into view. It is wielding a +0 club.
A dart slug and a gnoll come into view.
The gnoll shouts!
You hear a shout!
The gnoll shouts!
The dart slug launches a dart at you. The slug dart misses you.
A gnoll comes into view. It is wielding a +0 spear.
The blast of sand hits the gnoll but does no damage.
The blast of sand misses the gnoll.
The gnoll hits you with a +0 club!
The blast of sand hits the gnoll!
The gnoll is heavily wounded.
The gnoll hits you with a +0 club.
The gnoll hits you from afar with a +0 spear.
* * * LOW HITPOINT WARNING * * *
You are too injured to fight recklessly!
Casting: Sandblast (safe; 2% risk of failure)
Confirm with . or Enter, or press ? or * to list all spells.
Aiming: Sandblast (safe; 2% risk of failure)
Press: ? - help, Shift-Dir - straight line, f/p - gnoll
Aim: a gnoll, wielding a +0 club (heavily wounded, 84% to hit)
The blast of sand hits the gnoll.
The gnoll is severely wounded.
The gnoll completely misses you. The gnoll barely misses you.
Casting: Sandblast (safe; 2% risk of failure)
Confirm with . or Enter, or press ? or * to list all spells.
Aiming: Sandblast (safe; 2% risk of failure)
Press: ? - help, Shift-Dir - straight line, f/p - gnoll
Aim: a gnoll, wielding a +0 club (severely wounded, 84% to hit)
The blast of sand hits the gnoll!!
You kill the gnoll!
The gnoll completely misses you.
Your Transmutations skill increases to level 2!
Casting: Sandblast (safe; 2% risk of failure)
Confirm with . or Enter, or press ? or * to list all spells.
Aiming: Sandblast (safe; 2% risk of failure)
Press: ? - help, Shift-Dir - straight line, f - gnoll
Aim: a gnoll, wielding a +0 spear (84% to hit)
The blast of sand hits the gnoll.
The gnoll is moderately wounded.
The gnoll hits you from afar with a +0 spear.
You die... ..... ..... ...... ...... ####### ....# ########.....# . .wg

#......#.....#
#...##g##......#.....####
#....)@......#.........
###.###......#......... #
#......#......... #
#......#.........
#.###......#.........
#....................
####........###.#....
#.##............#....
#....#####..##..#....


You could see a gnoll and a dart slug.

Vanquished Creatures
  A gnoll (D:2)
  2 worms (D:2)
  4 endoplasms
  3 giant cockroaches
  3 goblins
  4 hobgoblins
  A jackal (D:2)
  2 quokkas
  5 ball pythons
  3 bats
  A frilled lizard (D:1)
  5 kobolds
  5 rats
39 creatures vanquished.

Notes
Turn   | Place    | Note
-------+----------+-------------------------------------------
     0 | D:1      | Heoruswealwe the Deep Elf Earth Elementalist began the
                  | quest for the Orb.
     0 | D:1      | Reached XP level 1. HP: 10/10 MP: 6/6
   331 | D:1      | Reached XP level 2. HP: 15/15 MP: 5/8
   411 | D:1      | Learned a level 2 spell: Passwall
   451 | D:1      | Found a faded altar of an unknown god.
   512 | D:1      | Prayed at the altar of an unknown god.
   512 | D:1      | Became a worshipper of Xom of Chaos
   513 | D:1      | Fell from the grace of Xom
   583 | D:1      | Reached skill level 1 in Evocations
   984 | D:2      | Reached skill level 1 in Conjurations
  1018 | D:2      | Reached XP level 3. HP: 19/19 MP: 1/10
  1240 | D:2      | Slain by a gnoll

Illustrated notes

Levels and vault maps discovered:
D:1:      amcnicky_arrival_wind_blow, layout_basic,
          shapermc_ecumenical_altar_venn, minmay_pentomino_r2
D:2:      layout_rooms, minmay_misc_feat_hallway, st_stairs_9,
          kennysheep_generic_room_12

Skill      XL: |  1  2  3 |
---------------+----------+-----
Evocations     | 1 |  1.4
Conjurations   | 1 |  1.4
Transmutations | 2 |  2.0
Dodging        | |  2.4
Stealth        | |  2.4
Spellcasting   | |  3.6
Earth Magic    | |  3.7

Action                   || total
-------------------------++-------
Melee: Short sword       ||     1
 Cast: Sandblast         ||    59
Invok: Renounce Religion ||     1
  Use: Scroll            ||     3
       Potion            ||     2
Armor: Robe              ||     4
Dodge: Dodged            ||     7
